cohdb
Replays
Latest Replays
All Replays
Popular Replays
Top Player Replays
Match Explorer
How It Works
Community
CoH3 Stats
Reddit
Sign in to upload your games and track your stats! →
Sign in with Steam
Match 46781409
Unlisted
Match 46781409
Overview
Messages
Build Orders
End
Panzergrenadier Squad
Panzergrenadier Squad
Panzergrenadier Squad
Construct Light Support Kompanie
Panzergrenadier Squad
Fire Support Elements
Pak 38 Anti-tank Gun Team
2.5-tonne Medical Truck
Panzergrenadier Squad
Panzergrenadier Squad
Panzergrenadier Squad
Caesar
Ape
.augusT
Scumph
TheBalkanSlav
Nadezhdy
Bubbciss
Elite Unit
0
0
Comments
sign in to comment!
No comments posted yet!